 Dungeon Crawl Stone Soup version 0.14-a0-1361-g0512ea0 (webtiles) character file.

525 4tharraofdagon the Slasher (level 6, 0/53 HPs)
             Began as a Djinni Skald on Dec 7, 2013.
             Was an Initiate of Ashenzari.
             Slain by an orc wizard
             ... wielding a -1,+0 orcish dagger
              (2 damage)
             ... on Level 4 of the Dungeon.
             The game lasted 00:08:48 (1702 turns).

4tharraofdagon the Slasher (Djinni Skald)           Turns: 1702, Time: 00:08:48

HP   0/53        AC  9     Str 15      XL: 6   Next: 16%
MP   0/0         EV  6     Int 12      God: Ashenzari [......]
Gold 218         SH  0     Dex 12      Spells:  1 memorised,  8 levels left

rFire  + + +     SeeInvis +     v - +3,+2 elf scimitar (slice)
rCold  x . .     Clarity  .     x - +0 chain mail
rNeg   + + +     Conserve .     (no shield)
rPois  .         rCorr    .     (no helmet)
rElec  .         rRot     .     (no cloak)
SustAb . .       Spirit   .     (no gloves)
rMut   .         Warding  .     (boots unavailable)
Saprov . . .     Stasis   .     (no amulet)
                                (no ring)
                                i - ring of see invisible

@: flying, slightly resistant to hostile enchantments, extremely unstealthy
A: fire immunity, cold vulnerability, life protection 3
a: Renounce Religion


You were on level 4 of the Dungeon.
You worshipped Ashenzari.
Ashenzari was noncommittal.
You were not hungry.

You visited 1 branch of the dungeon, and saw 5 of its levels.

You collected 218 gold pieces.

Inventory:

Hand weapons
 a - a +0,+0 falchion
 e - a +1,+0 orcish dagger of freezing
 k - a +1,+1 dagger of venom
 t - a +1,+0 elven long sword
 v - a +3,+2 elven scimitar of slicing (weapon)
 w - a cursed -2,-2 falchion
Missiles
 j - 13 darts (quivered)
 p - 4 curare-tipped needles
 r - 5 needles of sleeping
Armour
 b - a +0 leather armour
 d - a +0 ring mail
 f - a +0 orcish chain mail
 s - a +0 chain mail
 x - a +0 chain mail (worn)
Magical devices
 l - a wand of polymorph (0)
Scrolls
 g - a scroll of enchant armour {unknown}
 h - a scroll of magic mapping {unknown}
 m - a scroll of amnesia {unknown}
 n - a scroll of recharging {unknown}
 o - 3 scrolls of enchant weapon II
 q - 3 scrolls of remove curse
 u - 2 scrolls of identify
Jewellery
 i - a ring of see invisible (left hand)
Books
 c - a book of Battle

   Spells                             Type                      Level
   *Infusion                          Charms                       1
   Shroud of Golubria                 Charms/Translocation         2
   Song of Slaying                    Charms                       2
   Spectral Weapon                    Hexes/Charms                 3
   Regeneration                       Charms/Necromancy            3


   Skills:
 + Level 3.0 Fighting
 * Level 5.0 Long Blades
 + Level 3.4 Armour
 - Level 0.8 Dodging
 - Level 2.4 Spellcasting
 - Level 3.0 Charms


You had 8 spell levels left.
You knew the following spells:

 Your Spells              Type           Power        Failure   Level  Hunger
a - Infusion              Chrm           #.....       99%         1    ##.....


Dungeon Overview and Level Annotations

Branches:
Dungeon (5/16)
 Temple: D:4-7

Altars:
Ashenzari

Shops:
D:4 /

Annotations:
D:2 Sigmund


Innate Abilities, Weirdness & Mutations

You are immune to all types of fire, even holy and hellish.
You are vulnerable to cold.
You need no food.
You have no legs.
You are immune to negative energy.


Message History

The orc hits you but does no damage.
The orc wizard hits you but does no damage.
You closely miss the orc. The orc hits you but does no damage.
The orc hits you but does no damage.
The orc hits you with a runed orcish flail!
* * * LOW HITPOINT WARNING * * *
The orc wizard hits you with an orcish dagger.
* * * LOW HITPOINT WARNING * * *
The orc hits you with an orcish club.
* * * LOW HITPOINT WARNING * * *
You closely miss the orc. The orc barely misses you.
The orc wizard hits you but does no damage.
The orc hits you with a runed orcish flail.
* * * LOW HITPOINT WARNING * * *
The orc hits you with an orcish club.
* * * LOW HITPOINT WARNING * * *
Unknown command.
You barely miss the orc. The orc hits you but does no damage.
The orc wizard hits you with an orcish dagger.
You die...

..# #...#
#...# #....
#...# #..o#
# #.go# ..#
#.oo###...#
#.ao@oz...#
#..o#######
#>..# #...#
#...# #...#
#...# #...#
#...# ####


You could see a worker ant, an orc wizard, 6 orcs, a goblin and a quokka
skeleton.

Vanquished Creatures
  The ghost of 4tharraofdagon the Skirmisher, a weakling OgAM (D:3)
  2 orc wizards
  A hound (D:3)
  A centaur skeleton (D:4)
  Ijyb (D:2)
  5 adders
  A worm (D:5)
  12 orcs (D:3)
  9 bats
  6 giant cockroaches
  7 hobgoblins
  A quokka (D:2)
  2 giant newts
  3 goblins
  7 kobolds
  9 rats
68 creatures vanquished.

Notes
Turn   | Place    | Note
--------------------------------------------------------------
     0 | D:1      | 4tharraofdagon, the Djinni Skald, began the quest for the Orb.
     0 | D:1      | Reached XP level 1. HP: 17/17 MP: 0/0
    60 | D:1      | Found a shattered altar of Ashenzari.
    68 | D:1      | Became a worshipper of Ashenzari the Shackled
   164 | D:1      | Reached XP level 2. EP: 18/24
   288 | D:2      | Noticed Ijyb
   299 | D:2      | Killed Ijyb
   299 | D:2      | Reached XP level 3. EP: 11/30
   324 | D:2      | Noticed Sigmund
   327 | D:2      | Noticed Sigmund
   327 | D:2      | Sigmund changed into Sigmund the giant eyeball
   368 | D:2      | Paralysed by Sigmund for 2 turns
   692 | D:4      | Found Chiots' Magical Wand Boutique.
   710 | D:3      | Reached XP level 4. EP: 28/38
   883 | D:3      | Noticed 4tharraofdagon's ghost (weakling OgAM)
   896 | D:3      | Killed 4tharraofdagon's ghost
   896 | D:3      | Reached skill level 4 in Long Blades
   896 | D:3      | Reached XP level 5. EP: 15/44
  1189 | D:3      | Noticed an ice beast
  1189 | D:3      | a water moccasin changed into an ice beast
  1190 | D:3      | Noticed a queen bee
  1190 | D:3      | an ice beast changed into a queen bee
  1191 | D:3      | Noticed a human
  1191 | D:3      | a queen bee changed into a human
  1194 | D:3      | Noticed a black mamba
  1194 | D:3      | a human changed into a black mamba
  1195 | D:3      | Noticed a spriggan
  1195 | D:3      | a black mamba changed into a spriggan
  1440 | D:4      | Reached XP level 6. EP: 53/53
  1536 | D:5      | Entered Level 5 of the Dungeon
  1639 | D:5      | Reached skill level 5 in Long Blades
  1701 | D:4      | HP: 2/53 [orc/orcish club (2)]
  1702 | D:4      | Slain by an orc wizard

Action                   |  1- 3 |  4- 6 || total
-------------------------+-------+-------++-------
Melee: Dagger            |    88 |       ||    88
       Falchion          |    48 |       ||    48
       Long sword        |    10 |    13 ||    23
       Scimitar          |       |   108 ||   108
Throw: Throwing net      |     2 |     7 ||     9
Evoke: Wand              |     2 |    13 ||    15
  Use: Potion            |     3 |     2 ||     5
       Scroll            |       |     3 ||     3
 Stab: Held in net/web   |       |     1 ||     1
